← All builds
Tech / Armada / Economy first / OBSERVED BUILD

Standard tech

Armada Tech (Eco) build order · Supreme Isthmus

Rushes T2 factory and T2 constructor early, upgrades team mexes, and supplies the team with T2 constructors while transitioning into eco and defensive units.

Usually first T2 con to Geo (82%)

#t2 #eco #team support · 1791 distinct matches · 273 players · 60% of Armada Tech games · team won 54% of 2118 · Recently observed

HOW TO PLAY IT

Key timing: T2 factory by 4:15

  1. Open 3 mex and heavy wind to fund a fast T2 rush.
  2. Put down Bot Lab, planning to eat it for reclaim soon after.
  3. Get Advanced Bot Lab up, hitting the T2 factory rush timing.
  4. Upgrade mex to Advanced Metal Extractor to lock in team metal income.
  5. Eat Advanced Bot Lab and keep sending cons to Geo and Pond.

Phase by phase

TYPICAL OF ITS 1791 GAMES
  1. 1
  2. 2
  3. 3
  4. 4
PLAY THE OPENING

Follow the example game's first 6:00 step by step: what to build now, what comes next, and where it goes. At 1× it keeps pace with your own game.

  1. 1

    Up to the Bot Lab

    Economy
    • Metal Extractor3Mex
    • Wind Turbine4Wind
    Order
    1. Bot LabBot Lab after 3 mex, 4 winddone ~1:18, middle half 1:13–1:32

    Some games also: energy storage (32%)

    By 1:01 in all: 3 mex · 4 wind

    The example game in this phase · 3 steps
    1. Mex ×3
    2. Wind ×3
    3. Bot LabBot Labdone 1:12 · typical 1:18
  2. 2

    Bot Lab to Advanced Bot Lab

    Economy
    • Metal Extractor1Mex
    • Wind Turbine8Wind
    • Energy Storage1Energy storage
    Order
    1. Advanced Bot LabAdvanced Bot Lab after 4 mex, 12 wind, 3 con turretdone ~4:16, middle half 4:04–4:30
    Builders
    • Construction Turret3 Con turret
    • Lazarus3 Lazarus
    • Construction Bot2 Con bot
    • Construction Bot1 Con bot for allies

    Some games also: converter (36%)

    By 3:18 in all: 4 mex · 12 wind · 1 energy storage · 3 con turret

    The example game in this phase · 35 steps
    1. LazarusLazarus
    2. Wind ×2
    3. LazarusLazarus
    4. Wind
    5. LazarusLazarus ×2
    6. Construction BotCon bot
    7. Wind
    8. Construction BotCon botfor Air
    9. Construction BotCon bot
    10. Energy storage
    11. Con turret
    12. Mex
    13. Con turret ×2
    14. Wind ×2
    15. Converter
    16. Wind
    17. Converter
    18. Wind
    19. Con turret
    20. Wind ×2
    21. Converter
    22. Wind ×3
    23. Converter
    24. Wind
    25. Energy storage
    26. Wind ×3
    27. Converter
    28. Wind
    29. Converter
    30. Wind
    31. Converter ×3
    32. Wind
    33. Converter ×2
    34. Wind ×5
    35. Advanced Bot LabAdvanced Bot Labdone 5:20 · typical 4:16
  3. 3

    Advanced Bot Lab to 5:00

    Economy
    • Wind Turbine3Wind
    Order
    1. Bot LabEat Bot Lab
    Builders
    • Advanced Construction Bot1 T2 con bot for allies

    Some games also: converter (35%)

    By 5:00 in all: 4 mex · 15 wind · 1 converter · 1 energy storage · 3 con turret

    The example game in this phase · 2 steps
    1. Wind
    2. Bot LabEat Bot Labreclaimed for its metal
  4. 4

    5:00 to 10:00

    Economy
    • Wind Turbine43Wind
    • Energy Converter6Converter
    Builders
    • Butler9 Butler
    • Advanced Construction Bot4 T2 con bot for allies
    • Advanced Construction Bot1 T2 con bot

    Some games also: con turret (42%) · Butler for allies (36%)

    By 10:00 in all: 4 mex · 59 wind · 8 converter · 1 energy storage · 3 con turret

    The example game in this phase · 95 steps
    1. Advanced Construction BotT2 con botfor Air
    2. Advanced Metal ExtractorT2 mex ×3done 5:57 · typical 5:28
    3. SharpshooterSniper botfor Frontdone 6:43
    4. Advanced Construction BotT2 con bot ×4for Suicide front
    5. Advanced Metal ExtractorT2 mex
    6. Advanced Construction BotT2 con botfor Beach sea
    7. Advanced Construction BotT2 con bot
    8. ButlerButler ×3
    9. HoundHound ×4for Suicide front
    10. Wind
    11. HoundHoundfor Suicide front
    12. Wind
    13. SmugglerJammer bot
    14. Wind
    15. CompassRadar bot
    16. Converter
    17. CitadelAnti-nukedone 13:16
    18. Wind
    19. HoundHoundfor Suicide front
    20. Wind
    21. Converter
    22. HoundHoundfor Suicide front
    23. Wind
    24. Converter
    25. Wind ×2
    26. Converter
    27. HoundHound
    28. Wind ×2
    29. Converter
    30. Wind
    31. Converter
    32. Wind ×3
    33. Converter
    34. Wind ×7
    35. Advanced Construction BotT2 con bot
    36. Wind ×4
    37. Fusion ReactorFusiondone 12:08
    38. Wind
    39. ButlerButler
    40. Wind ×8
    41. ButlerButler
    42. Wind ×12
    43. Advanced Fusion ReactorAdvanced Fusion Reactornot finished by 15:00
    44. Wind ×7
    45. ButlerButlerfor Front
    46. Wind
    47. ButlerButlerfor Front
    48. Wind
    49. Con turret
    50. Wind
    51. Con turret
    52. Wind ×3
    53. ButlerButlerfor Suicide front
    54. Wind
    55. ButlerButlerfor Suicide front
    56. Con turret
    57. Wind ×2
    58. Con turret ×2
    59. Wind ×2
    60. Con turret
    61. Wind
    62. Converter
    63. T2 converter
    64. Wind ×2
    65. Converter
    66. Wind
    67. Converter
    68. Wind
    69. Converter
    70. Wind
    71. Converter
    72. Wind
    73. Converter
    74. Wind
    75. Metal storage
    76. Converter
    77. Wind
    78. Advanced Bot LabEat Advanced Bot Labreclaimed for its metal
    79. Con turret
    80. Converter
    81. Wind
    82. T2 converter
    83. Con turret
    84. Wind
    85. Converter
    86. Con turret
    87. Wind
    88. Converter
    89. Con turret ×2
    90. Wind
    91. Converter
    92. Con turret
    93. Wind
    94. Converter
    95. Wind

Counts are medians over the build's games: half of them build more, half fewer. The example game is Mikasiki's (31 OS, 02/10/2026); pick another.

Team trades

IN AT LEAST 30% OF ITS GAMES

You hand over

  • Construction Bot1 Con bot to Airfirst at 2:23 · in 83% of games
  • Advanced Construction Bot5 T2 con bot to Air or Geo sea or Pondfirst at 4:51 · in 99% of games
  • Butler2 Butler to Geo sea or Beach sea or Pondfirst at 9:06 · in 42% of games

You get

  • Hercules1 Light transport from Airfirst at 4:01 · in 86% of games

How it plays out

Typical game of this build, running totals by minute

Metal produced

020k40k
0:005:0010:0015:00

metal

Enemy metal destroyed

050100
0:005:0010:0015:00

metal

Own metal lost

050100150
0:005:0010:0015:00

metal

2118 games.

Show as table
ByMetal produced: This buildEnemy metal destroyed: This buildOwn metal lost: This build
1:0038300
2:0091500
3:00165600
4:00314900
5:00484700
6:00580700
7:00724800
8:00908800
9:001121700
10:001354500
11:001626000
12:001968100
13:002346900
14:0027368074
15:003159092130
WHAT THE NUMBERS SAY

Standard Tech play barely fights at all early, instead pouring metal into T2 infrastructure and constructors for the team.

  • + Metal produced hits 31679 by 15:00, by far the highest of any role here.
  • + T2 factory reached in 97% of games by 4:15, fastest and most reliable T2 timing.
  • − Enemy metal destroyed stays at 0 through 10:00, no early offense at all.
  • − Own metal lost also near 0, showing total avoidance of combat risk.
THE EXAMPLE YOU ARE READING

Mikasiki

31.2 OS · 02/10/2026

Open source match ↗

1 received units
1167 metal received · 159766 energy received

Allied construction assistance is unknown. Timings are observations, not a promise of solo reproducibility.

Typical milestones

Bot Lab1:18Middle 50%: 1:13–1:32 · n=2118
Advanced Bot Lab4:16Middle 50%: 4:04–4:30 · n=2111
Advanced Metal Extractor5:28Middle 50%: 5:05–5:58 · n=2114

Played most by

Amrissa97games of this buildTheGeneraI70games of this buildAdeus62games of this buildUncle_Cane60games of this buildCrouxy54games of this build